 Dungeon Crawl Stone Soup version 0.26-a0-651-gb41185065b (webtiles) character file.

Game seed: 809519102066879794

256 Irenicus the Chopper (level 5, -2/49 HPs)
             Began as a Deep Dwarf Berserker on Oct 1, 2020.
             Was a Believer of Trog.
             Killed by divine providence
             ... invoked by an orc priest
              (14 damage)
             ... on level 4 of the Dungeon.
             The game lasted 00:08:59 (1600 turns).

Irenicus the Chopper (Deep Dwarf Berserker)         Turns: 1600, Time: 00:09:00

Health: -2/49      AC:  5    Str: 20    XL:     5   Next: 92%
Magic:  5/5        EV: 12    Int:  8    God:    Trog [**....]
Gold:   177        SH:  0    Dex: 13    Spells: 4/4 levels left

rFire    . . .     SeeInvis .   q - +0 hand axe (elec)
rCold    . . .     Faith    .   (no shield)
rNeg     . . .     Spirit   .   i - +0 ring mail
rPois    .         Reflect  .   (no helmet)
rElec    .         Harm     .   (no cloak)
rCorr    .         Rampage  .   (no gloves)
MR       ++...                  (no boots)
Stlth    ++........             (no amulet)
HPRegen  1.00/turn              b - ring of stealth {Stlth+}
MPRegen  0.09/turn              (no ring)

@: non-regenerating
A: damage resistance, heal wounds, sense surroundings 1, no regeneration
a: Heal Wounds, Berserk, Trog's Hand, Renounce Religion


You were on level 4 of the Dungeon.
You worshipped Trog.
Trog was pleased with you.
You visited 1 branch of the dungeon, and saw 4 of its levels.

You collected 177 gold pieces.

Inventory:

Hand Weapons
 a - a +0 hand axe
 q - a +0 hand axe of electrocution (weapon)
   (You found it on level 3 of the Dungeon)
Armour
 i - a +0 ring mail (worn)
   (You found it on level 1 of the Dungeon)
Jewellery
 b - a ring of stealth (left hand) {Stlth+}
   (You found it on level 1 of the Dungeon)
Wands
 o - a wand of iceblast (11)
   (You found it on level 4 of the Dungeon)
Scrolls
 c - 3 scrolls of identify
 g - a scroll of teleportation {unknown}
 l - a scroll of amnesia {unknown}
 n - 2 scrolls of remove curse {unknown}
 r - a scroll of immolation {unknown}
Potions
 d - a potion of magic
 e - a potion of lignification {!q}
 f - 2 potions of ambrosia {unknown}
 h - a potion of might
 j - 3 potions of heal wounds
 k - a potion of flight
 m - a potion of curing
 p - a potion of berserk rage {unknown}


   Skills:
 - Level 3.3 Fighting
 + Level 6.0 Axes
 - Level 3.1 Armour
 - Level 3.2 Dodging


You had 4 spell levels left.
You didn't know any spells.
Your spell library was empty.

Dungeon Overview and Level Annotations

Branches:
Dungeon (4/15)             Temple (0/1) D:4

Altars:
Makhleb
Wu Jian


Innate Abilities, Weirdness & Mutations

You are resistant to damage.
You can heal yourself by infusing magical energy.
You passively map a small area around you.
You do not regenerate.


Message History

You hit Natasha.
Natasha is heavily wounded.
You hit the crimson imp. You barely miss the adder skeleton. Natasha claws you.
* * * LOW HITPOINT WARNING * * *
The crimson imp blinks!
The adder skeleton barely misses you.
You take 2 damage, and have 5/49 hp.
You hit Natasha.
Natasha is severely wounded.
You hit the adder skeleton. Natasha misses you.
The adder skeleton barely misses you.
The crimson imp blinks!
You hit Natasha.
Natasha is almost dead.
You hit the adder skeleton. Natasha misses you.
The adder skeleton bites you but does no damage.
You hit Natasha but do no damage.
Natasha is almost dead.
You hit the adder skeleton but do no damage.
The adder skeleton closely misses you. Natasha claws you.
* * * LOW HITPOINT WARNING * * *
You take 2 damage, and have 3/49 hp.
You hit Natasha.
You kill Natasha!
Trog accepts your kill.
Trog appreciates your killing of a magic user.
Natasha yowls pathetically as she dies!
The crimson imp disappears in a puff of smoke!
You hit the adder skeleton. The adder skeleton closely misses you.
Your skin crawls.
You feel resistant to hostile enchantments.
You recover from your berserk rage.
The adder skeleton closely misses you.
You hit the adder skeleton.
The adder skeleton is almost destroyed.
The adder skeleton misses you. The adder skeleton bites you.
* * * LOW HITPOINT WARNING * * *
You take 1 damage, and have 3/49 hp.
You barely miss the adder skeleton.
The adder skeleton is almost destroyed.
The adder skeleton barely misses you.
You hit the adder skeleton.
You destroy the adder skeleton!
Trog accepts your kill.
Your Axes skill increases to level 6!
The worm closely misses you.
You slash the worm!
The worm is heavily wounded.
You feel the effects of Trog's Hand fading.
The worm closely misses you.
You hit the worm.
The worm is heavily wounded.
You hit the worm.
The worm is severely wounded.
The worm bites you but does no damage.
You hit the worm.
The worm is almost dead.
You hit the worm.
The worm is almost dead.
The worm closely misses you.
You slash the worm!
You kill the worm!
Trog accepts your kill.
Your skin stops crawling.
You feel less resistant to hostile enchantments.
You see here a worm corpse.
n - 2 scrolls labeled HOIQER TOASUIFEIT (gained 1)
You now have 164 gold pieces (gained 10).
You hear the crackle of electricity.
q - a +0 hand axe of electrocution (weapon)
r - a scroll labeled IJAQECV WYONE
j - 3 potions of heal wounds (gained 1)
A rat comes into view.
The rat misses you.
You barely miss the rat. The rat bites you but does no damage.
You closely miss the rat. The rat bites you.
You closely miss the rat. The rat closely misses you.
You completely miss the rat. The rat bites you.
You hit the rat.
You kill the rat!
Trog accepts your kill.
You see here a rat corpse.
You now have 177 gold pieces (gained 13).
There is a stone staircase leading down here.
You climb downwards.
You hear the hiss of flowing sand.
There is an entrance to an ossuary on this level.
Hurry and find it before the portal is buried!
You hear the brisk hiss of a very distant avalanche of sand.
There is a stone staircase leading up here.
An orc comes into view. It is wielding a +0 dagger.
The orc shouts!
An orc comes into view. It is wielding a +0 dagger.
An orc priest comes into view.
An orc comes into view. It is wielding a +0 trident.
The orc shouts!
The orc priest shouts!
A worker ant comes into view.
The orc hits you with a +0 dagger.
Your skin crawls.
You feel resistant to hostile enchantments.
The orc priest invokes the aid of Beogh against you.
Beogh smites you!
You die...

* , * * * ,, ,
, * * ** * # *
* .., ,, ### ,,
,
##########o.a..
* , *
#..<...@ooo...#
* * *
#.########.##.#
# ,.., , ## .#
,## * * *
≈##.#. , , , ,
, ≈#.... *** *
, ....# ,, ,
≈...# ≈#,#* ,


You could see a worker ant (wandering), an orc priest and 3 orcs.

Vanquished Creatures
  A scorpion (D:4)
  Natasha (twice) (D:3)
  A gnoll (D:1)
  6 adders
  2 adder skeletons
  3 worms
  2 dart slugs
  A leopard gecko (D:1)
  An orc (D:3)
  7 bats
  6 giant cockroaches
  2 goblins
  5 hobgoblins
  8 jackals
  7 kobolds
  5 quokkas
  A ball python (D:2)
  5 frilled lizards
  12 rats
77 creatures vanquished.

Notes
Turn   | Place    | Note
-------+----------+-------------------------------------------
     0 | D:1      | Irenicus the Deep Dwarf Berserker began the quest for the
                  | Orb.
     0 | D:1      | Reached XP level 1. HP: 20/20 MP: 1/1
   218 | D:1      | Reached XP level 2. HP: 27/27 MP: 2/2
   354 | D:1      | Reached skill level 3 in Fighting
   412 | D:1      | Reached XP level 3. HP: 26/34 MP: 3/3
   630 | D:2      | Found a burning altar of Makhleb.
   724 | D:2      | Reached ** piety under Trog
   796 | D:2      | Reached skill level 3 in Dodging
   802 | D:2      | Reached skill level 3 in Armour
   813 | D:2      | Reached XP level 4. HP: 19/42 MP: 4/4
   836 | D:2      | Reached skill level 4 in Axes
  1350 | D:4      | Found an ornate altar of the Wu Jian Council.
  1399 | D:4      | HP: 9/42 [scorpion (5)]
  1407 | D:4      | Reached skill level 5 in Axes
  1407 | D:4      | Reached XP level 5. HP: 13/49 MP: 5/5
  1454 | D:3      | Noticed Natasha
  1464 | D:3      | Killed Natasha
  1509 | D:3      | Noticed Natasha
  1511 | D:3      | HP: 10/49 [adder skeleton (1)]
  1517 | D:3      | HP: 3/49 [Natasha (2)]
  1518 | D:3      | Killed Natasha
  1523 | D:3      | Reached skill level 6 in Axes
  1600 | D:4      | Killed from afar by an orc priest

Illustrated notes

Levels and vault maps discovered:
D:1:      dpeg_arrival_houses_and_road, layout_loops_ring, kennysheep_boxes
D:2:      layout_loops_ring, lemuel_round_altar, minmay_pentomino_w4
D:3:      minmay_bubble_buster, layout_loops_ring, uniq_natasha
D:4:      layout_loops_ring, kennysheep_mini_moat, marbit_many_paths,
          minmay_temple_entry_antechambers, enter_ossuary_4

Skill      XL: |  1  2  3  4  5 |
---------------+----------------+-----
Fighting       | 3 |  3.3
Dodging        | 3 |  3.2
Armour         | 3 |  3.1
Axes           | 5 6 |  6.0

Action                   |  1- 3 |  4- 6 || total
-------------------------+-------+-------++-------
Melee: Hand axe          |    99 |   159 ||   258
Invok: Berserk           |       |     4 ||     4
       Trog's Hand       |       |     3 ||     3
  Use: Potion            |       |     5 ||     5
       Scroll            |       |     2 ||     2
 Stab: Sleeping          |     3 |     3 ||     6
Armor: Leather armour    |    11 |       ||    11
       Ring mail         |    20 |    52 ||    72
Dodge: Dodged            |    58 |   133 ||   191

Table legend: (Time is in decaauts)
 A = Elapsed time spent in this place.
 B = Non-inter-level travel time spent in this place.
 C = Inter-level travel time spent in this place.
 D = Time resting spent in this place.
 E = Time spent auto-exploring this place.
 F = Levels seen in this place.
 G = Mean time per level.
                   A        B        C        D        E       F      G
               +--------+--------+--------+--------+--------+-----+--------+
         Total |   1665 |   1647 |     18 |      0 |      8 |   4 |  416.2 |
       Dungeon |   1665 |   1647 |     18 |      0 |      8 |   4 |  416.2 |
               +--------+--------+--------+--------+--------+-----+--------+

Top non-repeatable levels by time:
     D:3: 551 daAuts
     D:1: 506 daAuts
     D:2: 444 daAuts
     D:4: 163 daAuts

Table legend:
 A = Kills in this place as a percentage of kills in entire the game.
 B = Kills by you in this place as a percentage of kills by you in the entire game.
 C = Kills by friends in this place as a percentage of kills by friends in the entire game.
 D = Other kills in this place as a percentage of other kills in the entire game.
 E = Experience gained in this place as a percentage of experience gained in the entire game.
 F = Experience gained in this place divided by the number of levels of this place that you have seen.
                   A       B       C       D       E      F
               +-------+-------+-------+-------+-------+----------------------
         Total | 100.0 | 100.0 |   N/A |   N/A | 100.0 |  91.5
       Dungeon | 100.0 | 100.0 |   N/A |   N/A | 100.0 |  91.5
               +-------+-------+-------+-------+-------+----------------------
